 Dungeon Crawl Stone Soup version 0.30-b1-2-g02819fbbbe (webtiles) character file.

Game seed: 18416174525253780474

49 Alarkh the Insei (level 3, -1/27 HPs)
             Began as a Demonspawn Warper on May 28, 2023.
             Slain by Natasha (5 damage)
             ... on level 3 of the Dungeon.
             The game lasted 00:02:02 (1515 turns).

Alarkh the Insei (Demonspawn Warper)                Turns: 1515, Time: 00:02:03

Health: -1/27      AC:  6    Str: 11    XL:     3   Next: 53%
Magic:  6/6        EV: 11    Int: 18    God:
Gold:   49         SH:  0    Dex: 12    Spells: 6/6 levels left

rFire   . .          .
                       - Unarmed
rCold   . . .        (no shield)
rNeg    . . .        a - +0 leather armour
rPois   .            (no helmet)
rElec   .            i - +0 cloak
rCorr   .            g - +1 pair of gloves
SInv    .            (no boots)
Will    .....        f - amulet of regeneration
Stlth   +            (no ring)
HPRegen 1.04/turn    (no ring)
MPRegen 0.10/turn

%: no passive effects
@: slowed, very slow
A: big brain 1
a: no special abilities


You were on level 3 of the Dungeon.
You visited 1 branch of the dungeon, and saw 3 of its levels.

You collected 49 gold pieces.

Inventory:

Missiles
 c - a boomerang of dispersal (quivered)
Armour
 a - a +0 leather armour (worn)
 g - a +1 pair of gloves (worn)
 i - a +0 cloak (worn)
Jewellery
 f - an amulet of regeneration (around neck)
Scrolls
 b - a scroll of blinking
 d - a scroll of enchant armour {unknown}
 e - a scroll of vulnerability {unknown}
 k - a scroll of fog {unknown}
 l - a scroll of identify {unknown}
Potions
 h - a potion of heal wounds {unknown}
 j - a potion of degeneration {unknown}
 m - a potion of ambrosia {unknown}
 n - a potion of might


   Skills:
 - Level 2.0 Fighting
 - Level 0.8 Throwing
 - Level 0.8 Armour
 - Level 1.7 Dodging
 + Level 3.6 Unarmed Combat
 - Level 2.0 Spellcasting
 - Level 2.6 Translocations


You had 6 spell levels left.
You didn't know any spells.
Your spell library contained the following spells:

 Spells                   Type           Power      Damage    Failure   Level
 Blink                    Tloc           22%        N/A       12%         2
 Lesser Beckoning         Tloc           22%        N/A       12%         2
 Teleport Other           Tloc           11%        N/A       24%         3
 Vhi's Electric Charge    Tloc/Air       12%        N/A       38%         3
 Manifold Assault         Tloc           11%        N/A       61%         4


Dungeon Overview and Level Annotations

Branches:
Dungeon (3/15)

Altars:

Shops:
D:1 [   D:2 [

Annotations:
D:3 Natasha, Terence


Innate Abilities, Weirdness & Mutations

You have an unusually large brain. (Int +2)


Message History

The cerulean imp barely misses you.
You barely miss Natasha.
Natasha is severely wounded.
Natasha stares at you and mumbles some strange words.
You resist with significant effort.
The cerulean imp hits you from afar with a +2 spear.
Natasha casts a spell at you. The magic dart hits you.
You hit Natasha.
Natasha is almost dead.
The cerulean imp closely misses you. Natasha casts a spell at you.
The magic dart hits you.
You barely miss Natasha.
Natasha is almost dead.
The cerulean imp hits you from afar with a +2 spear.
Natasha closely misses you. The cerulean imp misses you. Natasha claws you.
* * * LOW HITPOINT WARNING * * *
You hit Natasha but do no damage.
Natasha is almost dead.
The cerulean imp barely misses you. Natasha claws you but does no damage.
You hit Natasha but do no damage.
Natasha is almost dead.
The cerulean imp hits you from afar with a +2 spear.
* * * LOW HITPOINT WARNING * * *
Natasha barely misses you.
The cerulean imp hits you but does no damage.
Natasha claws you but does no damage.
You closely miss Natasha.
Natasha is severely wounded.
The cerulean imp hits you but does no damage.
Natasha barely misses you.
You hit Natasha but do no damage.
Natasha is severely wounded.
The cerulean imp hits you from afar with a +2 spear.
Natasha mumbles some strange words.
The cerulean imp hits you from afar with a +2 spear.
* * * LOW HITPOINT WARNING * * *
Natasha claws you.
You die...

#..†......#
.##.........# .
#.......<....# ..
###..........#.#
... #.#######.##.#
.. #...# #.#..
#.###.#.## #.#.#
#..†..#..# #.#.##
####.@...## #....#
#h##...# #....#
#5##...###....#
.5.##.........#
.... #.....†...#
.....##.........#
......##.........#
..................#
.#.....#....#


You could see Natasha and 2 cerulean imps.

Vanquished Creatures
  An adder (D:2)
  A dart slug (D:2)
  3 endoplasms
  3 goblins
  7 hobgoblins
  2 quokkas (D:1)
  3 ball pythons
  5 bats
  5 frilled lizards (D:2)
  3 kobolds (D:1)
  4 rats
37 creatures vanquished.

Notes
Turn   | Place    | Note
-------+----------+-------------------------------------------
     0 | D:1      | Alarkh the Demonspawn Warper began the quest for the Orb.
     0 | D:1      | Reached XP level 1. HP: 16/16 MP: 3/3
     8 | D:1      | Found a faded altar of an unknown god.
   117 | D:1      | Reached skill level 2 in Unarmed Combat
   348 | D:1      | Gained mutation: You have an unusually large brain. (Int
                  | +2) [demonic ancestry]
   348 | D:1      | Reached XP level 2. HP: 22/22 MP: 5/5
   467 | D:1      | Found Atzeaqa Boji's Armour Emporium.
   770 | D:2      | Reached skill level 3 in Unarmed Combat
   773 | D:2      | Found Enaet's Antique Armour Emporium.
   934 | D:2      | Reached XP level 3. HP: 27/27 MP: 6/6
  1409 | D:3      | Noticed Terence
  1497 | D:3      | Noticed Natasha
  1515 | D:3      | Slain by Natasha

Illustrated notes

Levels and vault maps discovered:
D:1:      reono_arrival_mine, layout_basic, serial_shops, shop,
          hellmonk_ecumenical_altar_run_dry, feat_on_display
D:2:      layout_basic, serial_shops, nicolae_shop_dealshenge
D:3:      layout_rooms, grunt_decor_mini_mirrors, dreamdust_princess_bridge,
          minmay_fractal_squares_diagonal_5, uniq_sigmund, uniq_natasha,
          uniq_terence

Skill      XL: |  1  2 |
---------------+-------+-----
Unarmed Combat | 2 3 |  3.6
Fighting       | |  2.0
Throwing       | |  0.8
Armour         | |  0.8
Dodging        | |  1.7
Spellcasting   | |  2.0
Translocations | |  2.6

Action                     || total
---------------------------++-------
  Melee: Unarmed           ||   185
         Punch             ||     1
  Throw: Boomerang         ||     6
   Stab: Sleeping          ||     1
 Armour: Leather armour    ||    78
  Dodge: Dodged            ||   116
